AoeStats
← Phill chung long

Arabia

510568493Analyzed
1v1 RM · 2d ago on Oct 1, 2026· 64m 51s· 2 players
Game mode
Random Map
Map size
Tiny (2 player)
Population
200
Speed
Normal
Resources
Standard
Victory
Conquest
Starting age
Dark Age
Ending age
Imperial Age
RankedLock teamsTeams togetherTeam positionsShared explorationLock speedFull tech treeHidden civsTurbo modeCheats
Victory
Defeat
🇩🇪 Persians · Germany
882
+16
🇵🇪 Khmer · Peru
876
-40
Phill chung long
9:29 Feudal Age
20:01 Castle Age
20:49 Loom
32:36 Husbandry
32:47 Bloodlines
33:36 Wheelbarrow
36:43 Gold Mining
41:47 Double-Bit Axe
45:04 Imperial Age
57:20 Scale Barding Armor
63:35 Padded Archer Armor
Gustav456
5:05 Loom
10:15 Feudal Age
10:53 Double-Bit Axe
15:03 Fletching
17:36 Padded Archer Armor
20:10 Wheelbarrow
23:39 Castle Age
22:36 Town Watch
26:54 Bow Saw
30:30 Hand Cart
31:23 Town Patrol
33:03 Thumb Ring
34:06 Bodkin Arrow
41:48 Horse Collar
41:42 Crossbowman
42:57 Gold Mining
46:55 Imperial Age
45:22 Pikeman
46:18 Leather Archer Armor
49:57 Cavalier
52:27 Savar
53:21 Husbandry
53:30 Scale Barding Armor
53:36 Forging
54:45 Savar
56:41 Husbandry
57:59 Halberdier
60:44 Chain Barding Armor
61:01 Iron Casting
60:30 Scale Mail Armor
Connection lost

Rejoining the realm…

Still unreachable

The connection could not be restored.

Session expired

The server has moved on; the page needs a fresh start.